 Dungeon Crawl Stone Soup version 0.30-a0-360-g447f08457e (webtiles) character file.

Game seed: 10833828274342508462

37 mcwallace the Firebug (level 3, -2/23 HPs)
             Began as an Octopode Fire Elementalist on Nov 13, 2022.
             Shot with a sling bullet by a goblin (6 damage)
             ... led by Robin
             ... on level 2 of the Dungeon.
             The game lasted 00:03:15 (970 turns).

mcwallace the Firebug (Octopode Fire Elementalist)   Turns: 970, Time: 00:03:16

Health: -2/23      AC:  1    Str:  7    XL:     3   Next: 39%
Magic:  6/6        EV: 13    Int: 25    God:
Gold:   87         SH:  0    Dex: 12    Spells: 3/6 levels left

rFire   + . .      SeeInvis .    g - +1 short sword (flame) {short}
rCold   . . .      Faith    .    (no shield)
rNeg    . . .      Spirit   .    (helmet restricted)
rPois   .          Reflect  .    j - amulet of magic regeneration {@e2}
rElec   .          Harm     .    f - +6 ring of intelligence
rCorr   .          Rampage  .    i - ring of protection from fire
Will    .....                    (no ring)
Stlth   +++.......               (no ring)
HPRegen 0.23/turn                (no ring)
MPRegen 0.50/turn                (no ring)
                                 (no ring)
                                 (no ring)

@: no status effects
A: almost no armour, amphibious, 8 rings, camouflage 1, gelatinous body 1,
(nimble swimmer 1), tentacles
a: no special abilities


You were on level 2 of the Dungeon.
You visited 1 branch of the dungeon, and saw 2 of its levels.

You collected 87 gold pieces.


Innate Abilities, Weirdness & Mutations

You cannot wear most types of armour.
You are amphibious.
You can wear up to eight rings at the same time.
Your skin changes colour to match your surroundings (Stealth+).
Your rubbery body absorbs attacks. (AC +1, EV +1)
((You are camouflaged when in or above water. (Stealth+)))
You have tentacles for arms and can constrict up to eight enemies at once.


   Skills:
 + Level 1.1 Fighting
 + Level 2.4 Dodging
 - Level 2.6 Stealth
 + Level 2.3 Spellcasting
 + Level 1.5 Conjurations
 + Level 3.3 Fire Magic


You had 3 spell levels left.
You knew the following spells:

 Your Spells              Type           Power      Damage    Failure   Level
a - Foxfire               Conj/Fire      60%        2x1d7     4%          1
b - Scorch                Fire           38%        2d7       4%          2

Your spell library contained the following spells:

 Spells                   Type           Power      Damage    Failure   Level
 Summon Small Mammal      Summ           8%         N/A       11%         1
 Inner Flame              Hex/Fire       11%        N/A       17%         3
 Kindle Blastsparks       Fire/Tloc/Air  16%        2d11      21%         3
 Call Canine Familiar     Summ           2%         N/A       32%         3
 Summon Guardian Golem    Hex/Summ       2%         N/A       32%         3
 Flame Wave               Conj/Fire      15%        2d7       36%         4
 Passage of Golubria      Tloc           2%         N/A       73%         4
 Silence                  Hex/Air        1%         N/A       97%         5
 Lehudib's Crystal Spear  Conj/Erth      3%         10d2      100%        8

Inventory:

Hand Weapons
 b - a +0 dagger {short}
   (You found it on level 1 of the Dungeon)
 g - a +1 short sword of flaming (weapon) {short}
   (You took it off a kobold on level 1 of the Dungeon)
 h - a +0 dagger {short}
   (You took it off a goblin on level 1 of the Dungeon)
 n - a +0 war axe {axe}
   (You found it on level 2 of the Dungeon)
Missiles
 c - 15 stones {throwing}
Jewellery
 f - a +6 ring of intelligence (left tentacle)
   (You found it on level 1 of the Dungeon)
 i - a ring of protection from fire (right tentacle)
   (You found it on level 1 of the Dungeon)
 j - an amulet of magic regeneration (around mantle) {@e2}
   (You found it on level 1 of the Dungeon)
Scrolls
 d - 2 scrolls of identify {unknown}
 k - a scroll of immolation {unknown}
 m - a scroll of vulnerability {unknown}
 o - a scroll of amnesia {unknown}
Potions
 a - a potion of magic
 e - a potion of mutation {unknown}
 l - a potion of flight {unknown}

Dungeon Overview and Level Annotations

Branches:
Dungeon (2/15) Zot: 11031

Altars:

Annotations:
D:2 Robin

#..........# ..
#..^.......# >#.#
#..........# <..#
#..........# # #...
##..........# #.
#.#.####.).........#
#$.
#.#...##)###########
#..# #.###..).#
#...###.g.@..###
#......##.##
###.g.###.# ##..g.#
#.. #(g#..# ####
#g##..# #.###...
#......†.####..
.......).# .#.#


You could see 5 goblins.


Message History

r - Retreat! s - Stop attacking. g - Guard the area. f - Follow me.
Anything else - Cancel.
You shout for attention!
Your magical contamination has completely faded away. 😎 MP[+1] 😎 MP[+1] 😎 MP[+1]
c - 15 stones {throwing} (gained 2)
Things that are here:
a +0 short sword {short}; a kobold corpse
Items here: ))) †††.
You see here a +0 dagger {short}.
A goblin comes into view. It is wielding a +0 club.
A goblin comes into view. It is wielding a +0 dagger. 😎 MP[+1]
Your mp is fully restored (6).
A goblin comes into view. It is wielding a +0 club.
A goblin comes into view. It is wielding a +0 club.
The goblin moves out of view.
Casting: Foxfire (safe; 4% risk of failure)
Press: ? - help, Q - select action, (/) - cycle Dir - look around, f - activate You conjure some foxfire!
The goblin shouts!
The goblin shouts! x4
You hear a shout! x2
A goblin comes into view.
It is wielding a +0 dagger of holy wrath.
Robin of the Strong Arm comes into view.
They are wielding a +2 short sword of protection. 😎 MP[-1]
You lost 1 mp, and now have 5/6 mp.
Casting: Foxfire (safe; 4% risk of failure)
Press: ? - help, Q - select action, (/) - cycle Dir - look around, f - activate You conjure some foxfire!
The goblin shouts!
The foxfire hits the hobgoblin.
The hobgoblin hits you.
Robin throws the goblin at you! 😕 HP[-1]
You take 1 damage, and now have 22/23 hp.
Casting: Foxfire (safe; 4% risk of failure)
Press: ? - help, Q - select action, (/) - cycle Dir - look around, f - activate
There is not enough space to conjure foxfire!
Casting: Foxfire (safe; 4% risk of failure)
Press: ? - help, Q - select action, (/) - cycle Dir - look around, f - activate
There is not enough space to conjure foxfire!
Casting: Foxfire (safe; 4% risk of failure)
Press: ? - help, Q - select action, (/) - cycle Dir - look around, f - activate Look: a hobgoblin (severely wounded, ally target)
Okay, then.
You barely miss the hobgoblin. You grab the hobgoblin.
You constrict the hobgoblin, but do no damage.
The foxfire hits the hobgoblin.
You kill the hobgoblin!
A goblin comes into view. It is wielding a +0 dagger. x2
The goblin unwields a +0 club.
The goblin wields a +0 sling.
The goblin shoots a sling bullet.
The sling bullet hits you. The goblin barely misses you.
The goblin unwields a +0 club.
The goblin wields a +0 sling.
The goblin shoots a sling bullet.
The sling bullet barely misses you.
The goblin drinks a potion.
The goblin flickers and vanishes!
Deactivating autopickup; reactivate with Ctrl-A. 😮 HP[-5]
You take 5 damage, and now have 17/23 hp.
MASSIVE DAMAGE!! (PAUSE)
Casting: Foxfire (safe; 4% risk of failure)
Press: ? - help, Q - select action, (/) - cycle Dir - look around, f - activate You conjure some foxfire!
The goblin shouts!
The goblin hits you with a +0 dagger. 😮 HP[-1]
You take 1 damage, and now have 16/23 hp.
The foxfire hits the goblin.
The foxfire hits something!
Reactivating autopickup.
You feel a bit more experienced.
The goblin shoots a sling bullet.
The sling bullet completely misses you. Robin throws the goblin at you!
The goblin unwields a +0 sling.
The goblin wields a +0 club.
The goblin hits you with a +0 club.
Robin roars a battlecry!
The goblins go into a battle-frenzy! 😮 HP[-3] MP[+1]
You take 3 damage, and now have 13/23 hp.
Your mp is fully restored (6).
The goblin unwields a +0 club.
The goblin wields a +0 sling.
The goblin shoots a sling bullet.
The sling bullet hits you. 😮 HP[-1]
You take 1 damage, and now have 12/23 hp.
The goblin shoots a sling bullet.
The sling bullet misses you. The goblin attacks as you move away!
The goblin hits you with a +0 dagger.
* * * LOW HITPOINT WARNING * * *
😨 HP[-3]
You take 3 damage, and now have 9/23 hp.
The goblin attacks as you move away! The goblin hits you with a +0 dagger.
* * * LOW HITPOINT WARNING * * *
😨 HP[-2]
You take 2 damage, and now have 7/23 hp.
The goblin shoots a sling bullet.
The sling bullet hits you.
* * * LOW HITPOINT WARNING * * *
The goblin unwields a +0 dagger.
The goblin wields a +0 sling.
The goblin shoots a sling bullet.
The sling bullet hits you.
You die...

Skill      XL: |  1  2  3 |
---------------+----------+-----
Fighting       | 1 |  1.1
Dodging        | |  2.4
Stealth        | |  2.6
Spellcasting   | |  2.3
Conjurations   | |  1.5
Fire Magic     | |  3.3

Action                   || total
-------------------------++-------
Melee: Dagger            ||     5
       Constrict         ||     7
       Tentacles         ||     4
       Short sword       ||    15
 Cast: Foxfire           ||    45
 Stab: Sleeping          ||     5
Armor: Skin              ||     4
Dodge: Dodged            ||    19

Levels and vault maps discovered:
D:1:      mrwooster_arrival_statue, layout_basic
D:2:      layout_rooms, uniq_natasha, uniq_robin

Notes
Turn   | Place    | Note
-------+----------+-------------------------------------------
     0 | D:1      | mcwallace the Octopode Fire Elementalist began the quest
                  | for the Orb.
     0 | D:1      | Reached XP level 1. HP: 11/11 MP: 3/3
     0 | D:1      | magus.rc [v1.9.6]
    96 | D:1      | You pick up a book of the Moon and begin reading...
    96 | D:1      | You add the spells Passage of Golubria, Silence and
                  | Lehudib's Crystal Spear to your library.
   296 | D:1      | Reached XP level 2. HP: 6/18 MP: 0/5
   587 | D:1      | You pick up a book of Callings and begin reading...
   587 | D:1      | You add the spells Summon Small Mammal, Call Canine
                  | Familiar and Summon Guardian Golem to your library.
   814 | D:1      | Learned a level 2 spell: Scorch
   828 | D:2      | Reached XP level 3. HP: 22/22 MP: 1/6
   866 | D:2      | Reached skill level 1 in Fighting
   959 | D:2      | Noticed Robin
   970 | D:2      | HP: 4/23 [goblin/sling bullet[Robin] (3)]
   970 | D:2      | Shot with a sling bullet by a goblin

Vanquished Creatures
  2 worms (D:2)
  3 ball pythons (D:1)
  2 bats (D:1)
  A giant cockroach (D:2)
  8 goblins
  3 hobgoblins
  5 kobolds
  A frilled lizard (D:1)
  3 rats (D:1)
28 creatures vanquished.

Vanquished Creatures (others)
  84 foxfires
84 creatures vanquished.

Grand Total: 112 creatures vanquished

Table legend:
 A = Non-vault XP
 B = Vault XP
 C = Vault XP percentage of total XP
 D = Non-vault monster count
 E = Vault monster count
 F = Vault count percentage of total count
                 A         B        C        D         E       F
            +---------+---------+-------+---------+---------+-------
      Total |      46 |       7 |  13.2 |      24 |       4 |  14.3
            +---------+---------+-------+---------+---------+-------
        D:1 |      28 |       0 |   0.0 |      18 |       0 |   0.0
        D:2 |      18 |       7 |  28.0 |       6 |       4 |  40.0
            +---------+---------+-------+---------+---------+-------

Illustrated notes

Table legend:
 A = Kills in this place as a percentage of kills in entire the game.
 B = Kills by you in this place as a percentage of kills by you in the entire game.
 C = Kills by friends in this place as a percentage of kills by friends in the entire game.
 D = Other kills in this place as a percentage of other kills in the entire game.
 E = Experience gained in this place as a percentage of experience gained in the entire game.
 F = Experience gained in this place divided by the number of levels of this place that you have seen.
                   A       B       C       D       E      F
               +-------+-------+-------+-------+-------+----------------------
         Total | 100.0 | 100.0 |   N/A |   N/A | 100.0 |  26.5
       Dungeon | 100.0 | 100.0 |   N/A |   N/A | 100.0 |  26.5
               +-------+-------+-------+-------+-------+----------------------

Table legend: (Time is in decaauts)
 A = Elapsed time spent in this place.
 B = Non-inter-level travel time spent in this place.
 C = Inter-level travel time spent in this place.
 D = Time resting spent in this place.
 E = Time spent auto-exploring this place.
 F = Levels seen in this place.
 G = Mean time per level.
                   A        B        C        D        E       F      G
               +--------+--------+--------+--------+--------+-----+--------+
         Total |    967 |    965 |      2 |      0 |    738 |   2 |  483.5 |
       Dungeon |    967 |    965 |      2 |      0 |    738 |   2 |  483.5 |
               +--------+--------+--------+--------+--------+-----+--------+

Top non-repeatable levels by time:
     D:1: 817 daAuts
     D:2: 150 daAuts
